 Dungeon Crawl Stone Soup version 0.20-a0-1020-g7b9e4fe (webtiles) character file.

385 Alarkh the Skirmisher (level 6, 0/48 HPs)
             Began as a Demonspawn Fighter on Apr 18, 2017.
             Succumbed to a worker ant's poison
             ... on level 4 of the Dungeon.
             The game lasted 00:04:16 (4455 turns).

Alarkh the Skirmisher (Demonspawn Fighter)          Turns: 4455, Time: 00:04:17

Health: 0/48       AC: 14    Str: 13 (16) XL:     6   Next: 48%
Magic:  6/6        EV:  7    Int: 10 (11) God:
Gold:   208        SH:  8    Dex: 11 (13) Spells: 5/5 levels left

rFire    . . .     SeeInvis .   a - +0 long sword
rCold    . . .     Gourm    .   c - +0 shield
rNeg     . . .     Faith    .   b - +0 scale mail
rPois    .         Spirit   .   (no helmet)
rElec    .         Reflect  .   p - +0 cloak
rCorr    .         Harm     .   (no gloves)
MR       +....                  (no boots)
Stlth    ++........             (no amulet)
Regen    0.2/turn               n - ring of protection from magic
MPRegen  0.1/turn               g - ring of flight

@: lethally poisoned (0 -> -14), sanguine armour
A: nightstalker 2, sanguine armour 1
a: Evoke Flight


You were on level 4 of the Dungeon.
You were hungry.

You visited 1 branch of the dungeon, and saw 4 of its levels.

You collected 208 gold pieces.

Inventory:

Hand Weapons
 a - a +0 long sword (weapon)
Armour
 b - a +0 scale mail (worn)
 c - a +0 shield (worn)
 p - a +0 cloak (worn)
Jewellery
 g - a ring of flight (right hand)
 n - a ring of protection from magic (left hand)
Scrolls
 e - a scroll of recharging {unknown}
 h - a scroll of enchant armour {unknown}
 i - a scroll of teleportation {unknown}
 j - 2 scrolls of enchant weapon {unknown}
 l - 2 scrolls of remove curse {unknown}
 m - a scroll of amnesia {unknown}
 o - a scroll of blinking {unknown}
 t - 3 scrolls of identify {unknown}
Comestibles
 f - a bread ration
 k - a royal jelly
 s - 3 fruits
 u - a meat ration


   Skills:
 + Level 4.2 Fighting
 + Level 3.1 Long Blades
 + Level 3.9 Armour
 + Level 1.1 Dodging
 + Level 1.9 Stealth
 + Level 3.9 Shields


You had 5 spell levels left.
You didn't know any spells.

Dungeon Overview and Level Annotations

Branches:
Dungeon (4/15)             Temple (0/1) D:4

Altars:
Makhleb
Nemelex Xobeh


Innate Abilities, Weirdness & Mutations

You are significantly more attuned to the shadows.
When seriously injured, your bleeding wounds create armour. (AC +6)


Message History

Your shield prevents you from hitting the howler monkey skeleton.
The howler monkey skeleton is almost destroyed.
* * * LOW HITPOINT WARNING * * *
You feel very sick.
The howler monkey skeleton barely misses you.
You hit the howler monkey skeleton.
You destroy the howler monkey skeleton!
* * * LOW HITPOINT WARNING * * *
You feel sick.
* * * LOW HITPOINT WARNING * * *
You feel sick.
Okay, then.
Unknown command.
Unknown command.
Unknown command.
Drop what? 19/52 slots (_ for help) (? for menu, Esc to quit)
Okay, then.
As you read the scroll labeled DUC TIODEINA, it crumbles to dust.
The scroll dissolves into smoke.
It was a scroll of fog.
You die...

#### ....#
.....##
....).#
≈.....###
......§§# ##
......#§# .#
?.....#@##.#
......#§§§#
.....####§##
.... ##.##
## ##<## .#
####.# ##
##....# #
#.....# ##
#### ###..##


There were no monsters in sight!

Vanquished Creatures
  An ogre (D:4)
  A howler monkey (D:4)
  A centaur skeleton (D:4)
  An orc priest (D:3)
  An orc wizard (D:3)
  A worker ant (D:4)
  3 gnolls (D:3)
  A howler monkey skeleton (D:4)
  4 adders
  2 worms (D:3)
  2 dart slugs
  4 leopard geckos
  5 orcs
  6 bats
  6 giant cockroaches
  2 hobgoblins (D:2)
  5 jackals
  13 kobolds
  2 ball pythons (D:2)
  5 frilled lizards
  5 goblins
  3 rats
74 creatures vanquished.

Notes
Turn   | Place    | Note
-------+----------+-------------------------------------------
     0 | D:1      | Alarkh the Demonspawn Fighter began the quest for the Orb.
     0 | D:1      | Reached XP level 1. HP: 18/18 MP: 1/1
   249 | D:1      | Gained mutation: You are slightly more attuned to the shadows. [demonic ancestry]
   249 | D:1      | Reached XP level 2. HP: 22/24 MP: 2/2
   937 | D:2      | Found a sparkling altar of Nemelex Xobeh.
  1118 | D:2      | Reached XP level 3. HP: 11/29 MP: 3/3
  2150 | D:3      | Gained mutation: When seriously injured, your bleeding wounds create armour. (AC +6) [demonic ancestry]
  2150 | D:3      | Reached XP level 4. HP: 18/36 MP: 4/4
  2336 | D:3      | Found a burning altar of Makhleb.
  2550 | D:3      | Gained mutation: You are significantly more attuned to the shadows. [demonic ancestry]
  2550 | D:3      | Reached XP level 5. HP: 29/42 MP: 5/5
  2568 | D:3      | Reached skill level 1 in Dodging
  3883 | D:4      | Reached skill level 4 in Fighting
  3896 | D:4      | Found a staircase to the Ecumenical Temple.
  3937 | D:4      | Reached skill level 1 in Stealth
  3937 | D:4      | Reached XP level 6. HP: 44/48 MP: 6/6
  4453 | D:4      | HP: 2/48 [poisoned by a worker ant]
  4455 | D:4      | Succumbed to a worker ant's poison

Vault maps used:
D:1:      roderic_octagonal_star
D:2:      nemelex_xobeh_ov_fountains_minmay, minmay_pentomino_u2
D:3:      old_standard_altar, minmay_misc_feat_columns
D:4:      kennysheep_six_static_rooms, minmay_temple_entry_from_below_a,
          first_bread, kennysheep_potato, uniq_menkaure, uniq_blork_the_orc,
          uniq_duvessa

Skill      XL: |  1  2  3  4  5  6 |
---------------+-------------------+-----
Armour         | 3 |  3.9
Long Blades    | 2 3 |  3.1
Shields        | 3 |  3.9
Dodging        | 1 |  1.1
Fighting       | 4 |  4.2
Stealth        | 1 |  1.9

Action                   |  1- 3 |  4- 6 || total
-------------------------+-------+-------++-------
Melee: Long sword        |   150 |   176 ||   326
  Use: Potion            |     4 |     2 ||     6
       Scroll            |       |     1 ||     1
 Stab: Sleeping          |       |     8 ||     8
       Distracted        |       |     1 ||     1
  Eat: Chunk             |     4 |     7 ||    11
Armor: Scale mail        |    75 |    59 ||   134
       Skin              |     9 |     2 ||    11
Dodge: Dodged            |    47 |    57 ||   104
Block: Shield            |    77 |    67 ||   144
       Rpst.: Long sword |    18 |    20 ||    38
